[Event "Late-Titled-Tuesday-Blitz-September-05-2023"]
[Site "Chess.com"]
[Date "2023.09.05"]
[Round "9"]
[White "GoltsevDmitry2000"]
[Black "NelsonLinda"]
[Result "1/2-1/2"]
[WhiteElo "2651"]
[BlackElo "2514"]
[TimeControl "180+1"]
[EndTime "15:47:20 PDT"]
[Termination "Game drawn by repetition"]

1. e4 c5 2. Nf3 e6 3. d4 cxd4 4.
Nxd4 Nf6 5. Nc3 d6 6. Be2 Be7 7. O-O O-O 8. f4 Nc6 9. Be3 e5 10. fxe5 dxe5 11. Nf5 Bxf5 12. Rxf5 Qxd1+ 13. Rxd1 Rfd8 14. Nd5 Nxd5 15. exd5 Nd4 16. Bxd4 exd4 17. c4 dxc3 18. bxc3 Bd6 19. g3 Rac8 20. c4 Re8 21. Kf1 Re3 22.
Rd3 Rce8 23. Rxe3 Rxe3 24. Rf3 Rxf3+ 25. Bxf3 Kf8 26. Ke2 Ke7 27. Kd3 Bc5 28. Ke4 Kd6 29. Bg4 Bg1 30. h3 Kc5 31. Be2 Bf2 32. g4 Bg3 33. g5 Kd6 34. Bh5 g6 35. Bd1 Bh4 36.
Kf4 f6 37. gxf6 Bxf6 38. Ba4 Ke7 39. c5 Bd4 40. d6+ Ke6 41. d7 Ke7 42. c6 bxc6 43.
Bxc6 Bf6 44. Ke4 Kd6 45. Ba4 a6 46. Kd3 h5 47. Ke4 Bd8 48. Kf4 Ke6 49. Ke4 g5 50. Kf3 Bc7 51. Bc6 Kd6 52. Ba4 Ke5 53. Kg2 Kf4 54.
Bb3 g4 55. Bf7 gxh3+ 56. Kxh3 Kg5 57. Kg2 Bd8 58. Kf3 h4 59. Be6 Kf6 60. Bh3 Ke5 61.
Ke3 a5 62. Kd3 Kd5 63. Kc3 Kc5 64. Kb3 Kb5 65. Kc2 Kc5 66. Kc3 Bf6+ 67. Kd3 Bd8 68. Ke4 Kd6 69. Kf4 Ke7 70. Bf5 Kf6 71. Bg4 Ke7 72.
Kg5 Kd6+ 73. Kg6 Ke7 74. Bh3 Bb6 75. Kg5 Bf2 76. Bf5 Kd8 77. Kf6 Bg3 78. Ke6 Bf2 79. Kd5 Bg3 80. Kc5 Be1 81. Kb5 Bd2 82. Bh3 Be1 83. Kc4 Bd2 84. a3 Be1 85. Kd3 Bg3 86. Kd2 Bh2 87. Kc3 Bg3 88. Kb3 Be1 89. Ka4 Bd2 90.
Kb5 Be1 91. a4 Kc7 92. Kc4 Bb4 93. Kd3 Kd8 94. Ke4 Be1 95. Ke3 Bg3 96. Ke2 Bc7 97. Kf3 Bg3 98. Be6 Be1 99. Ke3 Bg3 100. Ke2 Ke7 101. Kf3 Bc7 102. Bh3 Kd8 103. Ke4 Bg3 104. Kd5 Ke7 105. Kc6 Kd8 106. Kb7 Bd6 107. Ka6 Bb4 108. Kb5 Be1 109. Kc4 Bd2 110. Kd3 Be1 111. Ke2 Bb4 112. Kf3 Bd6 113. Kg4 Bg3 114. Kg5 Be1 115. Kf5 Bg3 116. Ke4 Be1 117.
Kd4 Bg3 118. Kc3 Be1+ 119. Kc2 Bb4 120. Kd1 Bd6 121. Ke2 Bg3 122. Kf3 Bd6 123. Kg4 Bg3 124. Kg5 Be1 125. Kf5 Bg3 126. Ke4 Be1 1/2-1/2

[Event "Late-Titled-Tuesday-Blitz-September-05-2023"]
[Site "Chess.com"]
[Date "2023.09.05"]
[Round "9"]
[White "bazar-wokzal"]
[Black "KorolDimitriy75"]
[Result "1-0"]
[WhiteElo "2528"]
[BlackElo "2342"]
[TimeControl "180+1"]
[EndTime "15:47:22 PDT"]
[Termination "bazar-wokzal won on time"]

1. e4 c5 2. c3 d5 3. exd5 Qxd5 4. d4 cxd4 5. cxd4 Nc6 6. Nf3 e5 7. Nc3 Bb4 8. Be2 exd4 9. O-O Qd8 10. Nb5 Nge7 11. Nfxd4 O-O 12. Bg5 Qb6 13. a3 Bc5 14.
Nb3 Be6 15. Nxc5 Qxc5 16. Be3 Qe5 17. Nd4 Rfd8 18. Nxc6 Nxc6 19. Qc1 Nd4 20. Bxd4 Qxd4 21. Bf3 Rac8 22. Qb1 b6 23. Rd1 Qe5 24. Rxd8+ Rxd8 25. Qc2 g6 26. h3 h5 27. Rc1 Kg7 28. Qc3 Qxc3 29. Rxc3 Rd2 30. b4 Ra2 31. h4 Kf6 32.
Re3 a5 33. bxa5 bxa5 34. g3 a4 35. Bc6 Bb3 36. Kg2 Rxa3 37. g4 hxg4 38. Kg3 Ra2 39. Bd7 Be6 40. Bxe6 fxe6 41. Re4 a3 42. Rxg4 Rb2 43.
Ra4 a2 44. f4 Kf5 45. Kf3 Kf6 46. Ra5 Rh2 47. Kg3 Rb2 48. Kg4 Rg2+ 49. Kf3 Rb2 50.
Kg4 Kf7 51. Kf3 Ke7 52. Kg4 Kf6 53. Kf3 Ke7 54. Kg4 Kd6 55. Kg5 Rg2+ 56. Kf6 Rf2 57. Kxg6 Rxf4 58. h5 Rf2 59. h6 Rh2 60. h7 e5 61.
Rxa2 Rxa2 62. h8=Q Rg2+ 63. Kf5 Rf2+ 64. Ke4 Rf4+ 65. Ke3 Rd4 66. Qf8+ Kd5 67. Qe7 Re4+ 68. Kd3 Rd4+ 69. Kc3 Rc4+ 70. Kb3 Rd4 71. Qd7+ Ke4 72. Qg4+ Kd5 73. Qg2+ Kd6 74. Kc3 Ke6 75. Qc6+ Kf5 76. Qf3+ Ke6 77. Qh3+ Kd6 78. Qg2 Ke6 79. Qg8+ Kd6 80.
Qf7 1-0

[Event "Late-Titled-Tuesday-Blitz-September-05-2023"]
[Site "Chess.com"]
[Date "2023.09.05"]
[Round "9"]
[White "TC2304"]
[Black "NoGalloNoParty"]
[Result "1-0"]
[WhiteElo "2356"]
[BlackElo "2532"]
[TimeControl "180+1"]
[EndTime "15:47:26 PDT"]
[Termination "TC2304 won on time"]

1. c4 g6 2. g3 Bg7 3. Bg2 e5 4. e3 Ne7 5. Nc3 O-O 6. Nge2 c6 7. O-O d5 8. cxd5 cxd5 9. d4 e4 10. Nf4 Nbc6 11. Qb3 Na5 12. Qc2 Bf5 13. b3 Rc8 14.
Ba3 Nac6 15. Qd2 Re8 16. Rac1 a6 17. Na4 b5 18. Nc5 Qb6 19. h3 h5 20. Qe2 Rc7 21.
g4 hxg4 22. hxg4 Bc8 23. g5 Rd8 24. Bh3 Bxh3 25. Nxh3 Nf5 26. Qg4 b4 27. Bb2 Na7 28. Nf4 Nb5 29. Kg2 a5 30. Na4 Qd6 31. Rxc7 Nxc7 32.
Qh3 Nxd4 33. Bxd4 Bxd4 34. Rh1 Bg7 35. Qh7+ Kf8 36. Rc1 Qe5 37. Qh4 d4 38. exd4 Rxd4 39. Qg4 e3 40. Rxc7 Qxc7 41. fxe3 Rd2+ 42. Kf3 Qc6+ 43. e4 Qd7 44. Qxd7 Rxd7 45. Nd5 Bd4 46. Ke2 Rd8 47. Kd3 Be5 48. Nc5 Kg7 49. Nb7 Rc8 50. Nxa5 Bd6 51. Nc4 Bc5 52. Ndb6 Rd8+ 53. Nd5 Ra8 54.
Ncb6 Rxa2 55. Kc4 Bf8 56. Nxb4 Rg2 57. N4d5 Rxg5 58. Nd7 Bd6 59. b4 Rg4 60. Kd4 Rg1 61.
e5 Bf8 62. b5 Rb1 63. b6 g5 64.
Ke4 Kg6 65. Nxf8+ Kh5 66. Nf6+ Kh4 67. N8d7 g4 68. Nc5 Rxb6 69. Nd3 g3 70. Kf3 Kh3 71.
Nf4+ Kh2 72. Ng4+ Kh1 73. Kxg3 Rb3+ 74. Kh4 Rb4 75. Kg5 Re4 76. Kf5 Rb4 77. Nh6 Kh2 78. Nxf7 Kg3 79. Nd5 Kh4 80. Nxb4 Kh5 81. Nd6 Kh6 82.
Ke6 Kg7 83. Kd7 Kf8 84. e6 Kg8 85. e7 Kg7 86. e8=Q 1-0

[Event "Late-Titled-Tuesday-Blitz-September-05-2023"]
[Site "Chess.com"]
[Date "2023.09.05"]
[Round "10"]
[White "wanyaland"]
[Black "Willychess95"]
[Result "1-0"]
[WhiteElo "2378"]
[BlackElo "2689"]
[TimeControl "180+1"]
[EndTime "15:49:05 PDT"]
[Termination "wanyaland won by resignation"]

1. d4 Nf6 2. c4 e6 3. g3 Bb4+ 4. Bd2 a5 5. Bg2 d5 6. Qc2 O-O 7. Nf3 c5 8. dxc5 d4 9. Bxb4 axb4 10. Nbd2 Nc6 11. Ne4 e5 12. Nd6 Qxd6 13. cxd6 1-0

[Event "Late-Titled-Tuesday-Blitz-September-05-2023"]
[Site "Chess.com"]
[Date "2023.09.05"]
[Round "10"]
[White "lachesisQ"]
[Black "ridnani2021"]
[Result "1-0"]
[WhiteElo "3058"]
[BlackElo "2607"]
[TimeControl "180+1"]
[EndTime "15:50:31 PDT"]
[Termination "lachesisQ won by resignation"]

1. d4 Nf6 2. c4 g6 3. Nc3 Bg7 4. e4 O-O 5. f4 d6 6. Nf3 c5 7. d5 e6 8. Bd3 exd5 9. cxd5 Re8 10. O-O c4 11. Bc2 b5 12. a3 a6 13. h3 Nbd7 14.
Be3 Bb7 15. Bd4 Qc7 16. Qd2 Rad8 17. Rae1 Re7 1-0

[Event "Late-Titled-Tuesday-Blitz-September-05-2023"]
[Site "Chess.com"]
[Date "2023.09.05"]
[Round "10"]
[White "Good_Knight_Kiss"]
[Black "allvim"]
[Result "1-0"]
[WhiteElo "2329"]
[BlackElo "2277"]
[TimeControl "180+1"]
[EndTime "15:52:04 PDT"]
[Termination "Good_Knight_Kiss won by resignation"]

1. e4 c5 2. Nf3 d6 3. d4 cxd4 4. Nxd4 Nf6 5. Nc3 a6 6. h3 e5 7.
Nde2 h5 8. Bg5 Be7 9. Bxf6 Bxf6 10. Nd5 Bg5 11. Nec3 Nc6 12. Bc4 Be6 13. O-O Rc8 14. Bb3 O-O 15. Qxh5 Nd4 16. Qd1 b5 17. a4 g6 18.
axb5 axb5 19. f4 exf4 20. Qxd4 1-0

[Event "Late-Titled-Tuesday-Blitz-September-05-2023"]
[Site "Chess.com"]
[Date "2023.09.05"]
[Round "10"]
[White "jefferyx"]
[Black "GaiozNigalidze"]
[Result "1-0"]
[WhiteElo "3014"]
[BlackElo "2778"]
[TimeControl "180+1"]
[EndTime "15:52:05 PDT"]
[Termination "jefferyx won by resignation"]

1. d4 b5 2. e4 Bb7 3. Bd3 e6 4. Nf3 c5 5. c3 cxd4 6. cxd4 Nf6 7.
e5 Nd5 8. O-O a6 9. Nbd2 f5 10.
exf6 gxf6 11. Ne4 Qe7 12. Re1 Bg7 13. a4 bxa4 14. Qxa4 O-O 15. b3 Nc6 16. Ba3 Ncb4 17. Qa5 Bc6 18. Nc3 Rfb8 19. Nxd5 Bxd5 20. Nd2 Bf8 21.
Qc7 Qg7 22. Be4 Nc2 23. Qxc2 1-0

[Event "Late-Titled-Tuesday-Blitz-September-05-2023"]
[Site "Chess.com"]
[Date "2023.09.05"]
[Round "10"]
[White "TC2304"]
[Black "komogro"]
[Result "0-1"]
[WhiteElo "2351"]
[BlackElo "2521"]
[TimeControl "180+1"]
[EndTime "15:52:11 PDT"]
[Termination "komogro won by resignation"]

1. c4 g6 2. g3 Bg7 3. Bg2 e5 4. Nc3 f5 5. d3 d6 6. e4 Nc6 7.
Nge2 h6 8. O-O Nge7 9. Nd5 O-O 10. Nec3 Be6 11. Nxe7+ Qxe7 12. Nd5 Qd7 13. Rb1 Nd4 14. Be3 c6 15. Nc3 f4 16. Bxd4 exd4 17. Ne2 f3 18.
Nf4 fxg2 19. Kxg2 g5 20. Nxe6 Qxe6 21. b4 g4 22. b5 c5 23. f3 gxf3+ 24. Rxf3 Rxf3 25. Qxf3 Rf8 26. Qh5 Qf7 27. Qd5 Qxd5 28. exd5 Re8 29. Kh3 Re2 30. a4 Ra2 31. Kg4 Rxa4 32.
Kf5 Kf7 33. g4 Ra2 34. Rf1 Rxh2 35. g5 hxg5 36. Kxg5+ Ke7 37. Kg6 Rg2+ 38. Kh7 Bf6 39. Re1+ Kf7 40. Rh1 a5 41. bxa6 bxa6 42. Kh6 a5 43. Kh5 Rg5+ 44. Kh6 a4 45. Ra1 Rg4 46.
Rh1 a3 47. Kh5 Rh4+ 0-1

[Event "Late-Titled-Tuesday-Blitz-September-05-2023"]
[Site "Chess.com"]
[Date "2023.09.05"]
[Round "10"]
[White "micke12a"]
[Black "whiteglovethief"]
[Result "1-0"]
[WhiteElo "2362"]
[BlackElo "2499"]
[TimeControl "180+1"]
[EndTime "15:52:20 PDT"]
[Termination "micke12a won by resignation"]

1. d4 d5 2. Nc3 e6 3. e4 Bb4 4.
Ne2 dxe4 5. a3 Be7 6. Nxe4 Nf6 7. Nxf6+ Bxf6 8. Be3 O-O 9. Qd2 e5 10. dxe5 Qxd2+ 11. Bxd2 Bxe5 12. O-O-O Nc6 13. Bf4 a6 14. Bxe5 Nxe5 15.
h3 Bf5 16. Ng3 Bg6 17. f4 Nc6 18. f5 Rae8 19. fxg6 fxg6 20. Bc4+ Kh8 21. Rhf1 Ne5 22. Be2 h5 23. h4 Rf6 24. Ne4 Rxf1 25. Rxf1 Ng4 26.
Bxg4 Rxe4 27. Bf3 Rf4 28. Re1 b6 29. Re4 Rf7 30. Re6 Kh7 31. Kd2 Rf4 32. Ke3 Rxh4 33.
Rc6 g5 34. Rxc7 g4 35. Be4+ Kh6 36. Rc6+ 1-0

[Event "Late-Titled-Tuesday-Blitz-September-05-2023"]
[Site "Chess.com"]
[Date "2023.09.05"]
[Round "10"]
[White "sjoerd893"]
[Black "miraitrunks"]
[Result "1-0"]
[WhiteElo "2448"]
[BlackElo "2118"]
[TimeControl "180+1"]
[EndTime "15:52:47 PDT"]
[Termination "sjoerd893 won by resignation"]

1. e4 c5 2. Nf3 e6 3. d4 cxd4 4. Nxd4 Nf6 5. Nc3 d6 6. Be3 Be7 7. f3 O-O 8. Qd2 Nbd7 9. O-O-O a6 10. g4 Qc7 11. h4 b5 12. h5 b4 13. Nce2 h6 14.
g5 hxg5 15. Bxg5 Bb7 16. Rg1 Rac8 17. Kb1 Ne5 18. Nf4 Nc4 19. Bxc4 Qxc4 20. h6 g6 21. h7+ Kh8 22. Ndxe6 Nxe4 23. fxe4 Bxe4 24. Bxe7 Bxc2+ 25. Ka1 Bxd1 26. Bf6+ 1-0

[Event "Late-Titled-Tuesday-Blitz-September-05-2023"]
[Site "Chess.com"]
[Date "2023.09.05"]
[Round "10"]
[White "FairChess_on_YouTube"]
[Black "Goryachkina"]
[Result "1-0"]
[WhiteElo "3021"]
[BlackElo "2681"]
[TimeControl "180+1"]
[EndTime "15:52:58 PDT"]
[Termination "FairChess_on_YouTube won on time"]

1. e4 e6 2. d4 d5 3. Nc3 Bb4 4. Qd3 dxe4 5. Qxe4 Nf6 6. Qh4 Nbd7 7. Nf3 c5 8. dxc5 Bxc5 9. Bd3 b6 10. Bg5 Bb7 11. O-O-O Bc6 12. Rhe1 h6 13. Kb1 O-O 14.
Bxh6 gxh6 15. Qxh6 Re8 16. Ng5 Nf8 17. Be4 Nxe4 18. Ncxe4 Bxe4 19. Nxe4 1-0

[Event "Late-Titled-Tuesday-Blitz-September-05-2023"]
[Site "Chess.com"]
[Date "2023.09.05"]
[Round "10"]
[White "rquery98"]
[Black "ChEsper99"]
[Result "1-0"]
[WhiteElo "2651"]
[BlackElo "2194"]
[TimeControl "180+1"]
[EndTime "15:53:02 PDT"]
[Termination "rquery98 won on time"]

1. e4 c5 2. Nf3 d6 3. c3 Nf6 4.
g3 g6 5. Bg2 Bg7 6. O-O O-O 7.
Re1 e5 8. d4 exd4 9. cxd4 Re8 10.
Nc3 Nc6 11. d5 Nd4 12. Nxd4 cxd4 13. Nb5 Qb6 14. Nxd4 Bg4 15. Qd3 Nxd5 16. Nc2 Nb4 17. Nxb4 Qxb4 18. Bd2 Qxb2 19. Rab1 Qxa2 20. Rxb7 Qe6 21. e5 dxe5 22. Bd5 Qf5 23. Bxf7+ Kh8 24. Qxf5 Bxf5 25. Bxe8 Rxe8 26. Rxa7 e4 27. Be3 Kg8 28.
Kg2 Rf8 29. h3 h5 30. Rc1 1-0

[Event "Late-Titled-Tuesday-Blitz-September-05-2023"]
[Site "Chess.com"]
[Date "2023.09.05"]
[Round "10"]
[White "IMGC"]
[Black "ninguno46"]
[Result "0-1"]
[WhiteElo "2424"]
[BlackElo "2597"]
[TimeControl "180+1"]
[EndTime "15:53:05 PDT"]
[Termination "ninguno46 won by resignation"]

1. d4 d5 2. Nf3 Nf6 3. e3 Bf5 4. c4 c6 5. Nc3 e6 6. Bd3 Bg6 7. Ne5 Nbd7 8. Nxg6 hxg6 9. Qe2 Bd6 10. h3 Qe7 11. e4 dxc4 12. Bxc4 e5 13. dxe5 Bxe5 14. Bd2 O-O 15. O-O-O b5 16. Bd3 b4 17. Na4 Nb6 18. Bc2 Nh5 19. g3 Rfd8 20. Be3 Qf6 21.
f4 Nxg3 22. Qg4 Bxf4 0-1

[Event "Late-Titled-Tuesday-Blitz-September-05-2023"]
[Site "Chess.com"]
[Date "2023.09.05"]
[Round "10"]
[White "tptagain"]
[Black "DeTimmerman"]
[Result "1-0"]
[WhiteElo "2972"]
[BlackElo "2679"]
[TimeControl "180+1"]
[EndTime "15:53:07 PDT"]
[Termination "tptagain won by resignation"]

1. Nf3 Nf6 2. b3 e6 3. Bb2 d5 4. c4 Be7 5. g3 O-O 6. Bg2 b6 7. cxd5 Nxd5 8. O-O Bb7 9. d4 Nd7 10. Re1 c5 11. e4 N5f6 12. Nc3 cxd4 13. Nxd4 Nc5 14.
Qe2 Ba6 15. Ndb5 Qd3 16. Rad1 Qxe2 17. Rxe2 Rad8 18. Rxd8 Rxd8 19. e5 Nd5 20. Bxd5 exd5 21.
Rd2 Ne4 22. Rxd5 Rxd5 23. Nxd5 Bxb5 24. Nxe7+ Kf8 25. Nc8 Bd7 26. Nxa7 b5 27. f3 Ng5 28. Kf2 Ke7 29. f4 Ne6 30. f5 Nc5 31. Ba3 1-0

[Event "Late-Titled-Tuesday-Blitz-September-05-2023"]
[Site "Chess.com"]
[Date "2023.09.05"]
[Round "10"]
[White "Kosak12"]
[Black "Francisco_Ferrari"]
[Result "1-0"]
[WhiteElo "2786"]
[BlackElo "2169"]
[TimeControl "180+1"]
[EndTime "15:53:07 PDT"]
[Termination "Kosak12 won by checkmate"]

1. e4 c5 2. Nf3 d6 3. d4 cxd4 4.
Nxd4 Nf6 5. Nc3 a6 6. h4 e5 7.
Nb3 Be7 8. Bg5 Be6 9. Bxf6 Bxf6 10. g3 Nd7 11. Qxd6 Rc8 12. O-O-O Rxc3 13. bxc3 Qc8 14.
Bh3 Be7 15. Qd2 Bxh3 16. Rxh3 Nf6 17. g4 Qxg4 18. Rg3 Qxe4 19. Rxg7 Qc6 20. Kb2 Ne4 21. Qd5 Qxc3+ 22. Kb1 Nd6 23. Rd3 Qe1+ 24. Kb2 Nb5 25.
Qxf7# 1-0

[Event "Late-Titled-Tuesday-Blitz-September-05-2023"]
[Site "Chess.com"]
[Date "2023.09.05"]
[Round "10"]
[White "BeanScreen"]
[Black "Langua_Chess"]
[Result "1-0"]
[WhiteElo "2695"]
[BlackElo "2485"]
[TimeControl "180+1"]
[EndTime "15:53:11 PDT"]
[Termination "BeanScreen won on time"]

1. e4 c6 2. d4 d5 3. exd5 cxd5 4. Bd3 Nc6 5. c3 Nf6 6. Bf4 Bg4 7. Qb3 Qc8 8. Nd2 e6 9. Ngf3 Be7 10. O-O O-O 11.
Qc2 Bh5 12. Ne5 Bg6 13. Nxg6 hxg6 14. Nf3 a6 15. a4 Qd7 16. Qe2 Bd6 17. Bxd6 Qxd6 18.
Ne5 Nd7 19. f4 Ne7 20. Rf3 Nf5 21. Rh3 Nf6 22. g4 Ne7 23. Qf2 Rfc8 24. Rh8+ Kxh8 25.
Nxf7+ Kg8 26. Nxd6 Rc6 27. Nxb7 Rb8 28. Nc5 a5 29.
Re1 Kf7 30. Qe2 Rbb6 31. h3 Nc8 32. Qc2 Ne7 33. Bb5 Rc7 34. Nd3 Ne4 35. Ne5+ Kg8 36. Bd3 Nd6 37. Nxg6 Nxg6 38. Bxg6 Nc4 39. b3 Na3 40. Qa2 Rxc3 41. Qxa3 Rbxb3 42. Qxb3 Rxb3 43. Rxe6 1-0

[Event "Late-Titled-Tuesday-Blitz-September-05-2023"]
[Site "Chess.com"]
[Date "2023.09.05"]
[Round "10"]
[White "alexrustemov"]
[Black "Valio_M1948"]
[Result "1-0"]
[WhiteElo "2855"]
[BlackElo "2537"]
[TimeControl "180+1"]
[EndTime "15:53:14 PDT"]
[Termination "alexrustemov won by resignation"]

1. d4 d5 2. c4 dxc4 3. Nf3 Nf6 4.
e3 e6 5. Bxc4 c5 6. O-O a6 7. Be2 Nc6 8. Ne5 cxd4 9. Nxc6 bxc6 10.
exd4 Bd6 11. Nd2 O-O 12. Nc4 Be7 13. Bf3 Nd5 14. Qa4 Bd7 15. Ne5 Qc7 16. Bd2 Nb6 17. Qa5 Rfc8 18. Rac1 Nd5 19. Qxc7 Rxc7 20. Ba5 Rb7 21.
Nxd7 Rxd7 22. Rxc6 g6 23. Rfc1 Nb4 24. R6c4 Rb8 25. a3 Nd3 26. Rc8+ Rxc8 27. Rxc8+ Kg7 28. Bc3 Bf6 29. Be2 Bxd4 30. Bxd3 Bxc3 31. Rxc3 1-0

[Event "Late-Titled-Tuesday-Blitz-September-05-2023"]
[Site "Chess.com"]
[Date "2023.09.05"]
[Round "10"]
[White "DenishevM"]
[Black "Eloist"]
[Result "1-0"]
[WhiteElo "2640"]
[BlackElo "2475"]
[TimeControl "180+1"]
[EndTime "15:53:15 PDT"]
[Termination "DenishevM won by resignation"]

1. c4 e5 2. g3 Nf6 3. Bg2 c6 4. Nf3 e4 5. Ng5 d5 6. cxd5 cxd5 7. d3 h6 8. Nh3 Bb4+ 9. Bd2 Bxd2+ 10. Nxd2 e3 11.
fxe3 Ng4 12. Nf1 O-O 13. Nf2 Re8 14. Nxg4 Bxg4 15. Qa4 Bf5 16. Qd4 Be6 17. Nd2 Nc6 18. Qf4 Qa5 19. a3 Rac8 20. b4 Qa4 21. O-O Qc2 22.
Rfd1 Ne7 23. Qf2 Qb2 24. Nf3 Nf5 25. g4 Nd6 26. h3 Nb5 27. a4 Nc3 28. Re1 Qxb4 29.
Nd4 Nxa4 30. Reb1 Qc3 31. Rxa4 1-0

[Event "Late-Titled-Tuesday-Blitz-September-05-2023"]
[Site "Chess.com"]
[Date "2023.09.05"]
[Round "10"]
[White "SaqoChess_Twitch"]
[Black "DvaHrasta"]
[Result "1-0"]
[WhiteElo "2747"]
[BlackElo "2518"]
[TimeControl "180+1"]
[EndTime "15:53:16 PDT"]
[Termination "SaqoChess_Twitch won on time"]

1. d4 Nf6 2. c4 e6 3. Nc3 Bb4 4. e3 O-O 5. a3 Bxc3+ 6. bxc3 b6 7. Bd3 Bb7 8. f3 d5 9. cxd5 exd5 10. Ne2 Re8 11. O-O c5 12. Ra2 Nc6 13. g4 Rc8 14.
Ng3 Na5 15. Rg2 Nc4 16. g5 Nd7 17. Nf5 Nf8 18. e4 cxd4 19. cxd4 dxe4 20. fxe4 Bxe4 21. Bxe4 Rxe4 22. Qf3 Re6 23. Nh6+ Rxh6 24. Qxf7+ Kh8 25.
gxh6 Qxd4+ 26. Kh1 Ng6 27. Bg5 Nd6 28. Qd7 Rg8 29. hxg7+ Rxg7 30. Qd8+ 1-0

[Event "Late-Titled-Tuesday-Blitz-September-05-2023"]
[Site "Chess.com"]
[Date "2023.09.05"]
[Round "10"]
[White "chessS1r"]
[Black "Gogolev_Artemy"]
[Result "1-0"]
[WhiteElo "2587"]
[BlackElo "2449"]
[TimeControl "180+1"]
[EndTime "15:53:17 PDT"]
[Termination "chessS1r won by resignation"]

1. d4 d5 2. c4 c6 3. cxd5 cxd5 4. Bf4 Nc6 5. e3 Nf6 6. Nc3 Bf5 7. Qb3 Na5 8. Qa4+ Bd7 9. Qd1 e6 10. Bd3 Rc8 11. Nf3 Nc4 12. Qe2 Nxb2 13. Qxb2 Qa5 14. Qxb7 Qxc3+ 15. Ke2 Ba3 16. Ne5 O-O 17. Nxd7 Nxd7 18.
Qxd7 Rb8 19. Bxb8 Rxb8 20. Rhd1 g6 21. Rab1 1-0

[Event "Late-Titled-Tuesday-Blitz-September-05-2023"]
[Site "Chess.com"]
[Date "2023.09.05"]
[Round "10"]
[White "KATPAH"]
[Black "Godzillator"]
[Result "1-0"]
[WhiteElo "2662"]
[BlackElo "2363"]
[TimeControl "180+1"]
[EndTime "15:53:20 PDT"]
[Termination "KATPAH won on time"]

1. e4 d5 2. exd5 Qxd5 3. c4 Qd8 4. d4 c6 5. Nc3 Nf6 6. Nf3 Bg4 7. Be2 e6 8. O-O Be7 9. h3 Bh5 10. Qb3 Qb6 11.
Be3 O-O 12. Qc2 Qc7 13. Ne5 Bxe2 14. Nxe2 Nbd7 15. f4 Rad8 16. Rad1 c5 17. Kh1 cxd4 18. Bxd4 Bc5 19. Bc3 Nxe5 20. fxe5 Rxd1 21. Rxd1 Nd7 22. Qe4 Rd8 23. Nf4 Nf8 24. Rf1 Ng6 25. Nxg6 hxg6 26. Qf3 Rd7 27. b4 Bd4 28. Bd2 Qxe5 29. c5 Qd5 30. Qa3 a6 31. Bc1 Bf6 32. Bb2 1-0

[Event "Late-Titled-Tuesday-Blitz-September-05-2023"]
[Site "Chess.com"]
[Date "2023.09.05"]
[Round "10"]
[White "PawnEatingZombie"]
[Black "Jaka_Brilej"]
[Result "0-1"]
[WhiteElo "2103"]
[BlackElo "2435"]
[TimeControl "180+1"]
[EndTime "15:53:20 PDT"]
[Termination "Jaka_Brilej won by resignation"]

1. e4 c5 2. c3 d5 3. exd5 Qxd5 4. Nf3 Nc6 5. d4 Bf5 6. Na3 Nf6 7. Be2 O-O-O 8. O-O e6 9. Be3 Ng4 10. Qd2 Nxe3 11.
fxe3 cxd4 12. cxd4 Bb4 13. Qc1 Kb8 14. Nc2 Bxc2 15.
Qxc2 Rc8 16. Qb3 Qxb3 17. axb3 a6 18. Rac1 Rhd8 19. Kf2 f6 20. Rfd1 Ne7 21. e4 Nc6 22.
Rc4 a5 23. d5 exd5 24. exd5 Ne7 25. Rxc8+ Kxc8 26. Nd4 Rxd5 27. Ne6 Rxd1 28. Bxd1 g6 29.
Be2 Kd7 30. Nd4 Bc5 0-1

[Event "Late-Titled-Tuesday-Blitz-September-05-2023"]
[Site "Chess.com"]
[Date "2023.09.05"]
[Round "10"]
[White "JoakimVonAnd"]
[Black "ural58"]
[Result "1-0"]
[WhiteElo "2727"]
[BlackElo "2550"]
[TimeControl "180+1"]
[EndTime "15:53:30 PDT"]
[Termination "JoakimVonAnd won by resignation"]

1. c4 e5 2. g3 c6 3. Nf3 e4 4. Nd4 d5 5. cxd5 Qxd5 6. Nc2 Nf6 7. Nc3 Qe5 8. Bg2 Bf5 9. Ne3 Bg6 10.
O-O Bc5 11. Rb1 Bxe3 12. fxe3 Nbd7 13. b4 O-O 14. Bb2 a5 15. Nxe4 Qe6 16. Nxf6+ Nxf6 17. a3 axb4 18. axb4 Nd5 19. Ra1 Nxb4 20. Rxa8 Rxa8 21.
Bd4 f6 22. d3 Ra2 23. Qb1 Nc2 24. Qxb7 Nxd4 25. exd4 Qxe2 26. Qxc6 Bf7 27. Qc8+ Be8 28. Bd5+ Kf8 29. Qc5+ 1-0

[Event "Late-Titled-Tuesday-Blitz-September-05-2023"]
[Site "Chess.com"]
[Date "2023.09.05"]
[Round "10"]
[White "BeautiFullMindChess"]
[Black "Bobbybunny"]
[Result "0-1"]
[WhiteElo "2333"]
[BlackElo "2233"]
[TimeControl "180+1"]
[EndTime "15:53:36 PDT"]
[Termination "Bobbybunny won by resignation"]

1. e4 c5 2. Nf3 g6 3. d4 cxd4 4.
Nxd4 Nf6 5. Nc3 d6 6. Be3 Bg7 7. f3 a6 8. Qd2 h5 9. O-O-O b5 10. Kb1 Bb7 11. a3 Nbd7 12. Bg5 Rb8 13. g3 Qc7 14.
Bh3 Ne5 15. Rhe1 Nc4 16. Qd3 O-O 17. Nd5 Bxd5 18. exd5 b4 19. Nc6 bxa3 20. Qxc4 Rxb2+ 21. Kc1 Nxd5 22. Rxd5 a2 23. Qa4 a1=Q+ 24. Qxa1 Rxc2+ 25. Kxc2 Qxc6+ 26. Kb1 Rb8+ 0-1

[Event "Late-Titled-Tuesday-Blitz-September-05-2023"]
[Site "Chess.com"]
[Date "2023.09.05"]
[Round "10"]
[White "Akhayan"]
[Black "KejJaj"]
[Result "1-0"]
[WhiteElo "2353"]
[BlackElo "2219"]
[TimeControl "180+1"]
[EndTime "15:53:38 PDT"]
[Termination "Akhayan won by resignation"]

1. e4 c5 2. Nf3 d6 3. d4 cxd4 4. Nxd4 Nf6 5. Nc3 g6 6. f4 Nc6 7.
Be3 Bg7 8. Nb3 Ng4 9. Bg1 O-O 10.
Be2 Nf6 11. Be3 Bd7 12. O-O Rc8 13. Kh1 a6 14. Qd2 Re8 15. Rad1 b5 16. e5 dxe5 17. fxe5 Nxe5 18. Bf4 Nc4 19. Bxc4 Rxc4 20. Be5 b4 21. Bxf6 bxc3 22. Bxc3 Bxc3 23. bxc3 Rc7 24. Qd5 Qc8 25. Qxf7+ Kh8 26. Qf4 Rxc3 27. Qd4+ Kg8 28. Qxd7 Qb8 29. Qd5+ Kh8 30. Qd4+ Kg8 31. Qxc3 1-0

[Event "Late-Titled-Tuesday-Blitz-September-05-2023"]
[Site "Chess.com"]
[Date "2023.09.05"]
[Round "10"]
[White "reevecanada"]
[Black "wild3000"]
[Result "1-0"]
[WhiteElo "2538"]
[BlackElo "2357"]
[TimeControl "180+1"]
[EndTime "15:53:39 PDT"]
[Termination "reevecanada won by checkmate"]

1. e4 c5 2. Nf3 Nc6 3. Bb5 Qb6 4. Nc3 e6 5. a4 Nd4 6. a5 Qc7 7. Nxd4 cxd4 8. Ne2 Qc5 9. Bd3 Nf6 10. b4 Qg5 11.
O-O Bxb4 12. Nxd4 Qf4 13. c3 Bd6 14. g3 Qg4 15. f3 Qh3 16. Qe2 h5 17. e5 h4 18. g4 Nd5 19. f4 Bc5 20. Be4 Nxc3 21.
dxc3 Qxc3 22. Kh1 Qxd4 23. Bb2 Qe3 24. Qxe3 Bxe3 25. Ba3 g5 26. Bd6 gxf4 27. Ra2 h3 28.
Rc2 Rg8 29. a6 Rxg4 30. Bxb7 Bxb7+ 31. axb7 Rd8 32. Rc8 f3 33. Rxd8+ Kxd8 34. b8=Q# 1-0

[Event "Late-Titled-Tuesday-Blitz-September-05-2023"]
[Site "Chess.com"]
[Date "2023.09.05"]
[Round "10"]
[White "Defenstrator"]
[Black "gunslinger222"]
[Result "1-0"]
[WhiteElo "2343"]
[BlackElo "2434"]
[TimeControl "180+1"]
[EndTime "15:53:43 PDT"]
[Termination "Defenstrator won by resignation"]

1. Nc3 d5 2. e4 e6 3. Nf3 Nf6 4. e5 Nfd7 5. d4 c5 6. dxc5 Bxc5 7. Bd3 Nc6 8. Bf4 h6 9. Qe2 Nb4 10. h4 Nxd3+ 11. cxd3 Qa5 12. Kf1 Qb4 13. d4 Be7 14. Nb5 O-O 15. Rc1 b6 16. Nc7 Qa5 17. Kg1 Rb8 18.
a3 b5 19. Nxd5 exd5 20. e6 fxe6 21. Qxe6+ Rf7 22. Bxb8 Nb6 23. Rxc8+ Nxc8 24. Qxc8+ Rf8 25. Qe6+ Kh8 26. Be5 Bd8 27. Qxh6+ 1-0